 Dungeon Crawl Stone Soup version 0.28-a0-95-g65e1ffefe4 (webtiles) character file.

Game seed: 11565676230446321291

460 Gargoyl the Skirmisher (level 7, -5/88 HPs)
             Began as a Gnoll Abyssal Knight on Aug 8, 2021.
             Was a Priest of Lugonu.
             Slain by an ogre (10 damage)
             ... on level 4 of the Dungeon.
             The game lasted 00:06:27 (3945 turns).

Gargoyl the Skirmisher (Gnoll Abyssal Knight)       Turns: 3945, Time: 00:06:28

Health: -5/88      AC: 19    Str: 13    XL:     7   Next: 7%
Magic:  10/10      EV:  7    Int: 12    God:    Lugonu [***...]
Gold:   128        SH:  0    Dex: 11    Spells: 10/10 levels left

rFire   . . .      SeeInvis .   s - +3 quarterstaff (chaos)
rCold   . . .      Faith    .   (shield currently unavailable)
rNeg    . . .      Spirit   .   l - +1 chain mail {Will+}
rPois   .          Reflect  .   j - +2 helmet
rElec   .          Harm     .   r - +0 cloak
rCorr   .          Rampage  .   (no gloves)
Will    +....                   (no boots)
Stlth   ..........              p - amulet of the acrobat
HPRegen 0.24/turn               k - +4 ring of protection
MPRegen 0.12/turn               (no ring)

@: berserking, very quick
A: fangs 1, strong nose, distributed training, evolution 1
a: Renounce Religion, Depart the Abyss, Bend Space, Banish


You were on level 4 of the Dungeon.
You worshipped Lugonu.
Lugonu was most pleased with you.
You visited 1 branch of the dungeon, and saw 4 of its levels.
You visited the Abyss 1 time.

You collected 128 gold pieces.

Inventory:

Hand Weapons
 a - a +1 hand axe
 s - a +3 quarterstaff of chaos (weapon)
Missiles
 c - 30 poisoned darts (quivered)
Armour
 j - a +2 helmet (worn)
 l - a +1 chain mail of willpower (worn)
 r - a +0 cloak (worn)
Jewellery
 k - a +4 ring of protection (left hand)
 p - an amulet of the acrobat (around neck)
Wands
 o - a wand of polymorph (3)
Scrolls
 d - a scroll of noise {unknown}
 q - a scroll of identify
Potions
 b - 3 potions of mutation
 e - a potion of haste {unknown}
 f - a potion of might {unknown}
 g - a potion of flight {unknown}
 i - a potion of brilliance {unknown}
 m - a potion of heal wounds {unknown}
 n - 2 potions of degeneration {unknown}


   Skills:
 + Level 6.9 Fighting
 + Level 2.2 Short Blades
 + Level 2.2 Long Blades
 + Level 5.1 Axes
 + Level 2.2 Maces & Flails
 + Level 2.2 Polearms
 + Level 2.2 Staves
 + Level 2.2 Slings
 + Level 2.2 Bows
 + Level 2.2 Crossbows
 + Level 2.2 Throwing
 + Level 5.1 Armour
 + Level 3.4 Dodging
 + Level 2.2 Stealth
 + Level 2.2 Shields
 + Level 2.2 Unarmed Combat
 + Level 2.2 Spellcasting
 + Level 1.8 Conjurations
 + Level 1.8 Hexes
 + Level 1.8 Summonings
 + Level 1.8 Necromancy
 + Level 1.8 Translocations
 + Level 1.8 Transmutations
 + Level 1.8 Fire Magic
 + Level 1.8 Ice Magic
 + Level 1.8 Air Magic
 + Level 1.8 Earth Magic
 + Level 1.8 Poison Magic
 + Level 5.2 Invocations
 + Level 2.2 Evocations


You had 10 spell levels left.
You didn't know any spells.
Your spell library contained the following spells:

 Spells                   Type           Power      Damage    Failure   Level
 Stone Arrow              Conj/Erth      10%        3d7       100%        3
 Animate Armour           Summ/Erth      10%        N/A       100%        4
 Lehudib's Crystal Spear  Conj/Erth      2%         10d2      100%        8


Dungeon Overview and Level Annotations

Branches:
Dungeon (4/15)
 Temple: D:4-7

Altars:
Dithmenos


Innate Abilities, Weirdness & Mutations

You have very sharp teeth.
Your uncanny sense of smell can sniff out nearby items.
Your experience applies equally to all skills.
You evolve.


Message History

You hit the orc. You burn the orc.
The orc is severely wounded.
You hit the orc. Your bite misses the orc.
The orc is severely wounded.
The orc hits you but does no damage. The orc closely misses you.
You hit the orc.
The orc seems to speed up.
The orc is heavily wounded.
The orc barely misses you. The orc completely misses you.
The orc barely misses you.
You closely miss the orc.
The orc is heavily wounded.
The orc barely misses you. The orc hits you with a +0 dagger.
The orc hits you but does no damage.
You hit the orc.
You kill the orc!
Lugonu accepts your kill. The orc hits you but does no damage.
You hit the orc.
You kill the orc!
Lugonu accepts your kill. The ball python barely misses you.
The ball python grabs you. The ball python constricts you.
You sock the ball python!
You kill the ball python!
Lugonu accepts your kill. The ogre hits you with a +0 giant club!
You hit the ogre. You bite the ogre, but do no damage.
The ogre is moderately wounded.
You hit the ogre.
The ogre is poisoned.
The ogre is moderately wounded.
The ogre hits you with a +0 giant club!!
* * * LOW HITPOINT WARNING * * *
The ogre hits you with a +0 giant club!
* * * LOW HITPOINT WARNING * * *
A red film seems to cover your vision as you go berserk!
You feel yourself moving faster!
You feel mighty!
You sock the ogre!
The ogre is almost dead.
The ogre hits you with a +0 giant club!
You die...

∆ ∆ ##########
#........#
####.....O@.#
#........o..#
.#.....o...#
#.........#
#.........# #
##.........# .
#.<........#
########).#..........
#......)..#.#.........


You could see an ogre (poisoned) and 2 orcs.

Vanquished Creatures
  Grinder (D:2)
  Crazy Yiuf (D:3)
  Terence (D:2)
  An orc wizard (D:3)
  Robin (D:2)
  3 adders
  An ufetubus (D:4)
  An adder skeleton (D:4)
  2 worms (D:2)
  3 dart slugs
  6 orcs
  5 bats
  6 endoplasms
  2 giant cockroaches
  16 goblins
  10 hobgoblins
  19 jackals
  A quokka (D:3)
  4 ball pythons
  4 frilled lizards
  6 kobolds
  4 rats
98 creatures vanquished.

Vanquished Creatures (collateral kills)
  An ogre (D:3)
  A bat (D:3)
  A quokka (D:2)
  A ball python (D:3)
4 creatures vanquished.

Vanquished Creatures (others)
  4 demonic plants (D:2)
  A fungus (D:2)
  9 plants (D:2)
14 creatures vanquished.

Grand Total: 116 creatures vanquished

Notes
Turn   | Place    | Note
-------+----------+-------------------------------------------
     0 | Abyss:1  | Gargoyl the Gnoll Abyssal Knight began the quest for the
                  | Orb.
     0 | Abyss:1  | Reached XP level 1. HP: 23/23 MP: 3/3
   143 | Abyss:3  | Found a corrupted altar of Lugonu.
   161 | Abyss:3  | Noticed a quasit
   168 | D:1      | Escaped the Abyss
   490 | D:1      | Reached XP level 2. HP: 29/29 MP: 5/5
   532 | D:1      | Reached * piety under Lugonu
   771 | D:1      | Reached XP level 3. HP: 30/35 MP: 6/6
  1023 | D:2      | Gained mutation: You have a somewhat thin skeletal
                  | structure. (Dex +2, Stealth+) [potion of mutation]
  1023 | D:2      | Gained mutation: You evolve. [potion of mutation]
  1224 | D:2      | Noticed Robin
  1238 | D:2      | Reached ** piety under Lugonu
  1241 | D:2      | Reached skill level 1 in Short Blades
  1241 | D:2      | Reached skill level 1 in Long Blades
  1241 | D:2      | Reached skill level 1 in Maces & Flails
  1241 | D:2      | Reached skill level 1 in Polearms
  1241 | D:2      | Reached skill level 1 in Staves
  1241 | D:2      | Reached skill level 1 in Slings
  1241 | D:2      | Reached skill level 1 in Bows
  1241 | D:2      | Reached skill level 1 in Crossbows
  1241 | D:2      | Reached skill level 1 in Throwing
  1241 | D:2      | Reached skill level 1 in Stealth
  1241 | D:2      | Reached skill level 1 in Shields
  1241 | D:2      | Reached skill level 1 in Unarmed Combat
  1241 | D:2      | Reached skill level 1 in Spellcasting
  1241 | D:2      | Reached skill level 1 in Evocations
  1400 | D:2      | Lost mutation: You have a somewhat thin skeletal structure.
                  | (Dex +2, Stealth+) [evolution]
  1514 | D:2      | Reached XP level 4. HP: 24/41 MP: 7/7
  1717 | D:2      | You fall into a shaft and drop 2 floors!
  1905 | D:2      | Killed Robin
  1906 | D:2      | Reached skill level 1 in Conjurations
  1906 | D:2      | Reached skill level 1 in Hexes
  1906 | D:2      | Reached skill level 1 in Summonings
  1906 | D:2      | Reached skill level 1 in Necromancy
  1906 | D:2      | Reached skill level 1 in Translocations
  1906 | D:2      | Reached skill level 1 in Transmutations
  1906 | D:2      | Reached skill level 1 in Fire Magic
  1906 | D:2      | Reached skill level 1 in Ice Magic
  1906 | D:2      | Reached skill level 1 in Air Magic
  1906 | D:2      | Reached skill level 1 in Earth Magic
  1906 | D:2      | Reached skill level 1 in Poison Magic
  2122 | D:2      | Noticed Terence
  2139 | D:2      | Killed Terence
  2140 | D:2      | Reached XP level 5. HP: 44/47 MP: 8/8
  2215 | D:2      | Found a faded altar of an unknown god.
  2422 | D:3      | Noticed an ogre
  2422 | D:3      | Noticed Grinder
  2485 | D:2      | Killed Grinder
  2486 | D:2      | Reached skill level 5 in Invocations
  2486 | D:2      | Reached XP level 6. HP: 24/53 MP: 9/9
  2773 | D:3      | Reached skill level 5 in Axes
  2773 | D:3      | Reached skill level 5 in Armour
  2805 | D:3      | HP: 2/53 [ogre (13)]
  3211 | D:3      | Reached *** piety under Lugonu
  3373 | D:3      | Found a runed translucent door.
  3374 | D:3      | Noticed Crazy Yiuf
  3392 | D:3      | Killed Crazy Yiuf
  3393 | D:3      | Reached XP level 7. HP: 13/59 MP: 10/10
  3890 | D:4      | Found a shadowy altar of Dithmenos.
  3945 | D:4      | Slain by an ogre

Illustrated notes

Levels and vault maps discovered:
D:1:      wander_arrival_desolate, layout_loops_ring, minivault_23,
          serial_bayou_pond_a
D:2:      cheibrodos_old_hovel, layout_rooms, shapermc_ecumenical_altar_gd,
          uniq_terence, uniq_robin
D:3:      layout_loops_ring, hangedman_decor_riveting, wad_floor_pattern_1,
          minmay_ogre_servants, uniq_grinder, uniq_crazy_yiuf_cottage
D:4:      layout_basic, mainiacjoe_overflow_small_starburst, trog_hazing_becter

Skill      XL: |  1  2  3  4  5  6 |
---------------+-------------------+-----
Short Blades   | 1 2 |  2.2
Long Blades    | 1 2 |  2.2
Maces & Flails | 1 2 |  2.2
Polearms       | 1 2 |  2.2
Staves         | 1 2 |  2.2
Slings         | 1 2 |  2.2
Bows           | 1 2 |  2.2
Crossbows      | 1 2 |  2.2
Throwing       | 1 2 |  2.2
Stealth        | 1 2 |  2.2
Shields        | 1 2 |  2.2
Unarmed Combat | 1 2 |  2.2
Spellcasting   | 1 2 |  2.2
Evocations     | 1 2 |  2.2
Conjurations   | 1 |  1.8
Hexes          | 1 |  1.8
Summonings     | 1 |  1.8
Necromancy     | 1 |  1.8
Translocations | 1 |  1.8
Transmutations | 1 |  1.8
Fire Magic     | 1 |  1.8
Ice Magic      | 1 |  1.8
Air Magic      | 1 |  1.8
Earth Magic    | 1 |  1.8
Poison Magic   | 1 |  1.8
Dodging        | 3 |  3.4
Invocations    | 5 |  5.2
Axes           | 5 |  5.1
Armour         | 5 |  5.1
Fighting       | |  6.9

Action                   |  1- 3 |  4- 6 |  7- 9 || total
-------------------------+-------+-------+-------++-------
Melee: Hand axe          |   121 |   190 |       ||   311
       Bite              |     9 |    13 |     2 ||    24
       Punch             |       |     2 |       ||     2
       Quarterstaff      |       |       |    22 ||    22
Throw: Dart              |       |    17 |       ||    17
Invok: Depart the Abyss  |     1 |       |       ||     1
  Use: Scroll            |     6 |     3 |       ||     9
       Potion            |     2 |     2 |     1 ||     5
Armor: Acid dragon scale |    74 |    23 |       ||    97
       Chain mail        |       |   158 |    18 ||   176
Dodge: Dodged            |    92 |   111 |    19 ||   222

Table legend: (Time is in decaauts)
 A = Elapsed time spent in this place.
 B = Non-inter-level travel time spent in this place.
 C = Inter-level travel time spent in this place.
 D = Time resting spent in this place.
 E = Time spent auto-exploring this place.
 F = Levels seen in this place.
 G = Mean time per level.
                   A        B        C        D        E       F      G
               +--------+--------+--------+--------+--------+-----+--------+
         Total |   3970 |   3873 |     97 |    768 |   2171 |   7 |  567.1 |
       Dungeon |   3800 |   3703 |     97 |    768 |   2058 |   4 |  950.0 |
         Abyss |    169 |    169 |      0 |      0 |    113 |   3 |   56.3 |
               +--------+--------+--------+--------+--------+-----+--------+

Top non-repeatable levels by time:
     D:2: 1578 daAuts
     D:3: 1288 daAuts
     D:1: 853 daAuts
 Abyss:1: 90 daAuts
     D:4: 80 daAuts
 Abyss:2: 39 daAuts
 Abyss:3: 39 daAuts
